 Dungeon Crawl Stone Soup version 0.31-a0-538-gbc85326fa9 (webtiles) character file.

Game seed: 12920022804379737526

1161 MackTheKnife the Trooper (level 8, 73/73 HPs)
             Began as a Black Draconian Delver on Aug 12, 2023.
             Was an Initiate of Kikubaaqudgha.
             Quit the game on level 5 of the Dungeon on Aug 13, 2023.
             The game lasted 00:05:48 (5517 turns).

MackTheKnife the Trooper (Black Draconian Delver)   Turns: 5517, Time: 00:05:49

Health: 73/73      AC:  7    Str: 14    XL:     8   Next: 16%
Magic:  8/8        EV: 14    Int: 12    God:    Kikubaaqudgha [......]
Gold:   446        SH:  0    Dex: 14    Spells: 7/7 levels left

rFire   + . .        a - +0 falchion {long}
rCold   . . .        (no shield)
rNeg    + . .        (body armour unavailable)
rPois   .            (helmet restricted)
rElec   +            (no cloak)
rCorr   .            y - +0 pair of gloves
SInv    .            (no boots)
Will    .....        l - amulet of faith {!P}
Stlth   +++          n - ring of positive energy
HPRegen 0.32/turn    z - ring of protection from fire
MPRegen 0.11/turn

%: faith
@: no status effects
A: breathe lightning, AC +6, unfitting armour, electricity resistance,
cold-blooded
a: Breathe Lightning, Renounce Religion


You were on level 5 of the Dungeon.
You worshipped Kikubaaqudgha.
Kikubaaqudgha was noncommittal.
You visited 2 branches of the dungeon, and saw 7 of its levels.

You collected 446 gold pieces.


Innate Abilities, Weirdness & Mutations

You can breathe wild blasts of lightning.
Your glossy black scales are hard. (AC +6)
You cannot fit into any form of body armour.
You are resistant to electric shocks. (rElec)
You are cold-blooded and may be slowed by cold attacks.


   Skills:
 + Level 7.1 Fighting
 - Level 6.0 Long Blades
 + Level 5.2 Dodging
 - Level 4.5 Stealth


You had 7 spell levels left.
You didn't know any spells.
Your spell library contained the following spells:

 Spells                   Type           Power      Damage    Failure   Level
 Slow                     Hex            0%         N/A       32%         1
 Sublimation of Blood     Necr           0%         N/A       45%         2
 Wereblood                Tmut           0%         N/A       45%         2
 Confusing Touch          Hex            0%         N/A       69%         3
 Frozen Ramparts          Ice            0%         1d1       69%         3
 Vampiric Draining        Necr           0%         2d6       69%         3
 Petrify                  Tmut/Erth      0%         N/A       97%         4
 Metabolic Englaciation   Hex/Ice        0%         N/A       100%        5
 Summon Hydra             Summ           0%         N/A       100%        7

Inventory:

Hand Weapons
 a - a +0 falchion (weapon) {long}
 g - a +2 hand axe of flaming {axe}
   (You took it off an orc on level 5 of the Dungeon)
 v - a +1 great sword of freezing {long}
   (You found it on level 5 of the Dungeon)
Armour
 y - a +0 pair of gloves (worn)
   (You found it on level 5 of the Dungeon)
Jewellery
 l - an amulet of faith (around neck) {!P}
   (You found it on level 2 of the Dungeon)
 n - a ring of positive energy (left hand)
   (You found it on level 3 of the Dungeon)
 z - a ring of protection from fire (right hand)
   (You found it on level 5 of the Dungeon)
Wands
 f - a wand of digging (3)
 u - a wand of flame (29)
   (You found it on level 4 of the Dungeon)
 w - a wand of roots (6)
   (You found it on level 5 of the Dungeon)
Scrolls
 b - 2 scrolls of fog
 c - 3 scrolls of revelation
 d - 2 scrolls of fear
 i - 7 scrolls of identify {unknown}
 j - 3 scrolls of amnesia {unknown}
 m - 4 scrolls of immolation {unknown}
 o - a scroll of enchant weapon {unknown}
 r - 2 scrolls of vulnerability {unknown}
 s - a scroll of brand weapon {unknown}
Potions
 e - a potion of haste {@q3}
 h - 5 potions of curing {unknown}
 k - a potion of resistance {unknown}
 p - 2 potions of might {unknown}
 q - 4 potions of heal wounds {unknown}
 t - a potion of lignification {unknown}
 x - a potion of degeneration {unknown}

Dungeon Overview and Level Annotations

Branches:
Dungeon (6/15) Zot: 26772  Temple (1/1) D:6 Zot: 5985

Altars:
Cheibriados
Dithmenos
Elyvilon
Gozag
Hepliaklqana
Kikubaaqudgha
Makhleb
Nemelex Xobeh
Sif Muna
Trog
Uskayaw
Vehumet
Wu Jian
Xom
Yredelemnul
Zin
The Shining One

Annotations:
D:6 Maggie

.....# #.....# ##########
.....# ##.##### #........#
.....####..# #........#
.....##...## #........#
..........# #........#
..........# #........#
..........## ####..####
...........#############..##
................@..)..##...##
............##........##.#..#
......................##.##.#
..........##.#........##)##.#
..........[...........##.##.#
.............##.......##.##.#
........##.............รท.##.#
.........####............##.##
.........# ###..........##..#


There were no monsters in sight!


Message History

There is a stone staircase leading up here.
Press: ? - help, v - describe, . - travel
Here: Maggie, wielding a +0 halberd of flaming and wearing +0 acid dragon scales (asleep)
The floor.
Unknown command.
You climb upwards.
There is a stone staircase leading down here.
There is a stone staircase leading down here.
You climb downwards.
Level annotation: Maggie
There is a stone staircase leading up here.
Key pressed, stopping explore.
Found a stone staircase leading up.
Key pressed, stopping explore.
There is a stone staircase leading up here.
You open the door.
There is an open door here.
You now have 433 gold pieces (gained 18).
Found a hazy altar of Hepliaklqana.
You see here a +0 broad axe {axe}.
Found a shadowy altar of Dithmenos.
Found a white marble altar of Elyvilon.
i - 7 scrolls labelled HELAMAUCHA (gained 1)
There is an open door here.
Found a staircase to the Ecumenical Temple.
h - 5 orange potions (gained 1)
You enter the shallow water.
Moving in this stuff is going to be slow.
There is a staircase to the Ecumenical Temple here.
You now have 446 gold pieces (gained 13).
You enter the shallow water.
Moving in this stuff is going to be slow.
Key pressed, stopping explore.
Unknown command.
Why would you want to do that?
You enter the shallow water.
Moving in this stuff is going to be slow.
Why would you want to do that? Why would you want to do that?
There is a staircase to the Ecumenical Temple here.
You climb downwards.
Welcome to the Ecumenical Temple!
Found four altars.
Found a staircase back to the Dungeon.
There is a staircase back to the Dungeon here.
Found four altars.
Unknown command.
There is a staircase back to the Dungeon here.
Found four altars.
There is an ancient bone altar of Kikubaaqudgha here.
You kneel at the altar of Kikubaaqudgha.
Kikubaaqudgha welcomes you!
Your amulet flashes!
Unknown command.
Press < or > to pray at altars.
Unknown command.
Press < or > to pray at altars.
What level of the Dungeon? (default 5, ? - help)
There is a staircase back to the Dungeon here.
You climb upwards.
Welcome back to the Dungeon!
Level annotation: Maggie
There is a staircase to the Ecumenical Temple here.
You enter the shallow water.
Moving in this stuff is going to be slow.
There is a stone staircase leading up here.
You climb upwards.
There is a stone staircase leading down here.
Done exploring.
Done exploring.
Done exploring.
No target in view!
No target in view!
No target in view!
No target in view!
No target in view!
Done exploring.
Done exploring. ๐Ÿค– Initializing magus.rc ...
Options error: Delay interrupt name "hungry" not recognised. (~/.crawlrc:4768) Bad monster_list_colour key: strict_neutral Bad channel name 'pray' for runrest: 'pray:' Options error: Missing colour in message_colour setting: 'that.*feels deathly cold' Options error: Missing colour in message_colour setting: 'and you must be Full or above to equip it' Options error: Missing colour in message_colour setting: 'but rights himself reflexively soon after' Options error: Missing colour in message_colour setting: 'before it is too late' โœ… Successfully initialized magus.rc [v1.9.6] Welcome back, MackTheKnife the Black Draconian Delver.
Kikubaaqudgha says: Spread unending torment and darkness!
Press ? for a list of commands and other information. ๐Ÿค– Initializing magus.rc ...
Options error: Delay interrupt name "hungry" not recognised. (~/.crawlrc:4768) Bad monster_list_colour key: strict_neutral Bad channel name 'pray' for runrest: 'pray:' Options error: Missing colour in message_colour setting: 'that.*feels deathly cold' Options error: Missing colour in message_colour setting: 'and you must be Full or above to equip it' Options error: Missing colour in message_colour setting: 'but rights himself reflexively soon after' Options error: Missing colour in message_colour setting: 'before it is too late' โœ… Successfully initialized magus.rc [v1.9.6] Welcome back, MackTheKnife the Black Draconian Delver.
Kikubaaqudgha says: Spread unending torment and darkness!
Press ? for a list of commands and other information.
Are you sure you want to abandon this character and quit the game? (Confirm with "yes".)

Skill      XL: |  1  2  3  4  5  6  7  8 |
---------------+-------------------------+-----
Long Blades    | 5 6 |  6.0
Fighting       | 4 5 6 7 |  7.1
Dodging        | 2 3 4 5 |  5.2
Stealth        | |  4.5

Action                     |  1- 3 |  4- 6 |  7- 9 || total
---------------------------+-------+-------+-------++-------
  Melee: Falchion          |    46 |   173 |   127 ||   346
         Tailslap          |     6 |    18 |    26 ||    50
         Punch             |       |       |     2 ||     2
Ability: Breathe Lightning |       |       |     2 ||     2
  Evoke: Wand              |     2 |     2 |     5 ||     9
   Stab: Sleeping          |     1 |    20 |     2 ||    23
 Armour: Skin              |    13 |    57 |    44 ||   114
  Dodge: Dodged            |    31 |   117 |    97 ||   245

Levels and vault maps discovered:
D:1:      scummos_arrival_hexagon, layout_basic
D:2:      layout_basic
D:3:      minmay_door_path, layout_basic, mainiacjoe_overflow_paths,
          shapermc_ecumenical_altar_totnotflames, serial_bayou_ford_a
D:4:      layout_basic, kennysheep_small_circle, uniq_sigmund, uniq_natasha
D:5:      layout_rooms, lemuel_coloured_pillars_altar
D:6:      layout_cave_pods, minmay_overflow_temple_star_quad,
          mainiacjoe_overflow_tiny_flanked, temple_pool_b, uniq_duvessa,
          uniq_pikel, uniq_maggie
Temple:   hellmonk_temple_two_chambers

Notes
Turn   | Place    | Note
-------+----------+-------------------------------------------
     0 | D:5      | MackTheKnife the Draconian Delver began the quest for the
                  | Orb.
     0 | D:5      | Reached XP level 1. HP: 19/19 MP: 1/1
     0 | D:5      | magus.rc [v1.9.6]
    18 | D:5      | Noticed a scorpion
   119 | D:4      | You pick up a book of Sloth and begin reading...
   119 | D:4      | You add the spells Frozen Ramparts, Petrify and Metabolic
                  | Englaciation to your library.
   169 | D:4      | Reached XP level 2. HP: 11/26 MP: 2/2
   256 | D:4      | Reached skill level 3 in Long Blades
   394 | D:3      | Noticed a water moccasin
   408 | D:3      | Killed a water moccasin
   409 | D:3      | Reached skill level 5 in Long Blades
   409 | D:3      | Reached XP level 3. HP: 20/31 MP: 3/3
   409 | D:3      | Reached XP level 4. HP: 25/38 MP: 4/4
   674 | D:3      | Reached XP level 5. HP: 45/45 MP: 5/5
   960 | D:1      | You pick up a book of Blood and begin reading...
   960 | D:1      | You add the spells Sublimation of Blood, Wereblood and
                  | Summon Hydra to your library.
  1019 | D:1      | You pick up a book of Debilitation and begin reading...
  1019 | D:1      | You add the spells Slow, Vampiric Draining and Confusing
                  | Touch to your library.
  2533 | D:3      | Found a sparkling altar of Nemelex Xobeh.
  2706 | D:3      | Found a faded altar of an unknown god.
  2865 | D:4      | Noticed Natasha
  2873 | D:4      | Killed Natasha
  2874 | D:4      | Reached skill level 6 in Long Blades
  2926 | D:4      | Noticed a black bear
  2934 | D:4      | Killed a black bear
  2935 | D:4      | Reached skill level 4 in Fighting
  2935 | D:4      | Reached skill level 2 in Dodging
  2935 | D:4      | Reached XP level 6. HP: 46/52 MP: 6/6
  3028 | D:4      | Noticed Sigmund
  3038 | D:4      | Killed Sigmund
  3039 | D:4      | Reached skill level 5 in Fighting
  3039 | D:4      | Reached skill level 3 in Dodging
  3161 | D:4      | Your scales start taking on a glossy black colour.
  3161 | D:4      | Reached XP level 7. HP: 58/61 MP: 7/7
  3161 | D:4      | Gained mutation: You are resistant to electric shocks.
                  | (rElec) [Black Draconian growth]
  3221 | D:4      | Noticed Natasha
  3228 | D:4      | Killed Natasha
  3465 | D:4      | Reached skill level 4 in Dodging
  4366 | D:5      | Reached skill level 6 in Fighting
  4666 | D:5      | HP: 16/64 [something/magic dart (6)]
  4668 | D:5      | Reached XP level 8. HP: 18/71 MP: 8/8
  4846 | D:5      | Found a snail-covered altar of Cheibriados.
  5020 | D:5      | Reached skill level 5 in Dodging
  5082 | D:5      | Reached skill level 7 in Fighting
  5283 | D:6      | Noticed Maggie
  5400 | D:6      | Found a hazy altar of Hepliaklqana.
  5402 | D:6      | Found a shadowy altar of Dithmenos.
  5406 | D:6      | Found a white marble altar of Elyvilon.
  5434 | D:6      | Found a staircase to the Ecumenical Temple.
  5471 | Temple   | Entered the Ecumenical Temple
  5481 | Temple   | Became a worshipper of Kikubaaqudgha
  5517 | D:5      | magus.rc [v1.9.6]
  5517 | D:5      | Upgraded the game from 0.31-a0-532-g28f74ba3e5 to
                  | 0.31-a0-538-gbc85326fa9
  5517 | D:5      | magus.rc [v1.9.6]
  5517 | D:5      | Quit the game

Vanquished Creatures
  Sigmund (D:4)
  A water moccasin (D:3)
  2 black bears (D:4)
  An ogre (D:4)
  A scorpion (D:5)
  A howler monkey (D:5)
  2 orc priests (D:5)
  2 hounds
  A sleepcap (D:5)
  5 iguanas
  3 orc wizards
  Natasha (twice) (D:4)
  3 adders
  A white imp (D:5)
  An ufetubus (D:5)
  A worm (D:4)
  3 dart slugs
  9 orcs
  3 bats (D:2)
  6 endoplasms
  4 giant cockroaches
  6 goblins
  8 hobgoblins
  3 jackals (D:2)
  5 quokkas
  9 ball pythons
  6 frilled lizards
  5 kobolds
  3 rats
98 creatures vanquished.

Vanquished Creatures (others)
  An orc wizard (D:5)
1 creature vanquished.

Grand Total: 99 creatures vanquished

Table legend:
 A = Non-vault XP
 B = Vault XP
 C = Vault XP percentage of total XP
 D = Non-vault monster count
 E = Vault monster count
 F = Vault count percentage of total count
                 A         B        C        D         E       F
            +---------+---------+-------+---------+---------+-------
      Total |    1398 |     261 |  15.7 |      93 |       6 |   6.1
            +---------+---------+-------+---------+---------+-------
        D:1 |      33 |       0 |   0.0 |      18 |       0 |   0.0
        D:2 |      41 |       0 |   0.0 |      22 |       0 |   0.0
        D:3 |     223 |       3 |   1.3 |      18 |       2 |  10.0
        D:4 |     494 |     258 |  34.3 |      12 |       4 |  25.0
        D:5 |     607 |       0 |   0.0 |      23 |       0 |   0.0
            +---------+---------+-------+---------+---------+-------

Skill      XL: |  1  2  3  4  5  6  7  8 |
---------------+-------------------------+-----
Long Blades    | 5 6 |  6.0
Fighting       | 4 5 6 7 |  7.1
Dodging        | 2 3 4 5 |  5.2
Stealth        | |  4.5

Action                     |  1- 3 |  4- 6 |  7- 9 || total
---------------------------+-------+-------+-------++-------
  Melee: Falchion          |    46 |   173 |   127 ||   346
         Tailslap          |     6 |    18 |    26 ||    50
         Punch             |       |       |     2 ||     2
Ability: Breathe Lightning |       |       |     2 ||     2
  Evoke: Wand              |     2 |     2 |     5 ||     9
   Stab: Sleeping          |     1 |    20 |     2 ||    23
 Armour: Skin              |    13 |    57 |    44 ||   114
  Dodge: Dodged            |    31 |   117 |    97 ||   245

Illustrated notes

Table legend:
 A = Kills in this place as a percentage of kills in the entire game.
 B = Kills by you in this place as a percentage of kills by you in the entire game.
 C = Kills by friends in this place as a percentage of kills by friends in the entire game.
 D = Other kills in this place as a percentage of other kills in the entire game.
 E = Experience gained in this place as a percentage of experience gained in the entire game.
 F = Experience gained in this place divided by the number of levels of this place that you have seen.
                   A       B       C       D       E      F
               +-------+-------+-------+-------+-------+----------------------
         Total | 100.0 | 100.0 |   N/A | 100.0 | 100.0 | 237.0
       Dungeon | 100.0 | 100.0 |   N/A | 100.0 | 100.0 | 276.5
               +-------+-------+-------+-------+-------+----------------------

Table legend: (Time is in decaauts)
 A = Elapsed time spent in this place.
 B = Non-inter-level travel time spent in this place.
 C = Inter-level travel time spent in this place.
 D = Time resting spent in this place.
 E = Time spent auto-exploring this place.
 F = Levels seen in this place.
 G = Mean time per level.
                   A        B        C        D        E       F      G
               +--------+--------+--------+--------+--------+-----+--------+
         Total |   5552 |   5281 |    271 |    869 |   3581 |   7 |  793.1 |
       Dungeon |   5537 |   5270 |    267 |    869 |   3581 |   6 |  922.8 |
        Temple |     14 |     10 |      4 |      0 |      0 |   1 |   14.0 |
               +--------+--------+--------+--------+--------+-----+--------+

Top non-repeatable levels by time:
     D:4: 1763 daAuts
     D:3: 1132 daAuts
     D:5: 974 daAuts
     D:2: 775 daAuts
     D:1: 691 daAuts
     D:6: 200 daAuts
  Temple: 14 daAuts
